 Dungeon Crawl Stone Soup version 0.29-a0-218-gf2abdc9806 (webtiles) character file.

Game seed: 10963254281142012222

2214 Dispacher the Fighter (level 9, 62/62 HPs)
             Began as a Gargoyle Fighter on Feb 25, 2022.
             Was a Follower of Cheibriados.
             Quit the game on level 7 of the Dungeon on July 25, 2022.
             The game lasted 00:23:03 (6678 turns).

Dispacher the Fighter (Gargoyle Fighter)            Turns: 6678, Time: 00:23:04

Health: 62/62      AC: 23    Str: 32    XL:     9   Next: 35%
Magic:  9/9        EV:  9    Int: 14    God:    Cheibriados [*.....]
Gold:   77         SH:  4    Dex:  9    Spells: 8/8 levels left

rFire   . . .      SeeInvis .   s - +1 whip (elec)
rCold   . . .      Faith    .   c - +0 buckler
rNeg    + . .      Spirit   .   i - +4 scale mail
rPois   ∞          Reflect  .   k - +2 helmet of Ashenzari {Harm Int+3 Stlth+}
rElec   +          Harm     +   m - +0 cloak
rCorr   .          Rampage  .   (no gloves)
Will    +....                   u - +0 pair of boots
Stlth   +.........              (no amulet)
HPRegen 0.20/turn               f - +6 ring of strength
MPRegen 0.11/turn               j - ring of willpower

@: very slow
A: sickness immunity, AC +6, negative energy resistance 1, electricity
resistance, torment resistance 1, petrification resistance, clumsy 1
a: Renounce Religion, Bend Time


You were on level 7 of the Dungeon.
You worshipped Cheibriados.
Cheibriados was aware of your devotion.
You visited 2 branches of the dungeon, and saw 8 of its levels.
You also visited: Sewer.

You collected 219 gold pieces.
You spent 142 gold pieces at shops.

Inventory:

Hand Weapons
 a - a +1 flail
 s - a +1 whip of electrocution (weapon)
 A - a +2 morningstar of holy wrath
Armour
 c - a +0 buckler (worn)
 i - a +4 scale mail (worn)
 k - the +2 helmet of Ashenzari (worn) {Harm Int+3 Stlth+}
   (You acquired it on level 2 of the Dungeon)

   Int:       It affects your intelligence (+3).
   Harm:      It increases damage dealt and taken.
   Stlth:     It makes you more stealthy.
 m - a +0 cloak (worn)
 u - a +0 pair of boots (worn)
Jewellery
 e - a ring of positive energy
 f - a +6 ring of strength (left hand)
 j - a ring of willpower (right hand)
Wands
 b - a wand of mindburst (14)
 h - a wand of flame (24)
Scrolls
 l - a scroll of silence {unknown}
 q - 2 scrolls of vulnerability
 t - 2 scrolls of enchant armour {unknown}
 v - a scroll of torment {unknown}
 x - 2 scrolls of magic mapping
 y - a scroll of immolation {unknown}
 B - a scroll of blinking
Potions
 d - 2 potions of might
 g - 3 potions of curing
 o - 2 potions of resistance {unknown}
 p - 4 potions of heal wounds
 r - a potion of cancellation {unknown}
 w - a potion of haste
 z - a potion of brilliance {unknown}


   Skills:
 - Level 10.0 Fighting
 + Level 6.9 Maces & Flails
 - Level 5.3 Armour
 - Level 5.2 Shields


You had 8 spell levels left.
You didn't know any spells.
Your spell library contained the following spells:

 Spells                   Type           Power      Damage    Failure   Level
 Summon Ice Beast         Ice/Summ       0%         N/A       100%        4
 Summon Mana Viper        Hex/Summ       0%         N/A       100%        5
 Monstrous Menagerie      Summ           0%         N/A       100%        7


Dungeon Overview and Level Annotations

Branches:
Dungeon (7/15)             Temple (1/1) D:5           Sewer (visited)

Altars:
Cheibriados
Dithmenos
Elyvilon
Fedhas
Gozag
Hepliaklqana
Kikubaaqudgha
Makhleb
Nemelex Xobeh
Okawaru
Qazlal
Ru
Sif Muna
Trog
Uskayaw
Vehumet
Wu Jian
Xom
Yredelemnul
Zin
The Shining One

Shops:
D:7 ?


Innate Abilities, Weirdness & Mutations

You are immune to sickness and miasma.
Your stone body is resilient. (AC +6)
You are immune to poison.
You resist negative energy. (rN+)
You are resistant to electric shocks. (rElec)
You are resistant to unholy torment.
You are immune to petrification.
You are clumsy. (Dex -2)


Message History

The hound is lightly wounded.
The hound bites you but does no damage.
You hit the hound but do no damage.
The hound is lightly wounded.
The hound bites you but does no damage.
You hit the hound but do no damage.
The hound is lightly wounded.
The hound bites you but does no damage.
You closely miss the hound.
The hound is lightly wounded.
The hound bites you but does no damage.
You hit the hound.
The hound is heavily wounded.
You block the hound's attack.
You hit the hound.
The hound is heavily wounded.
The hound closely misses you. The hound bites you but does no damage.
You hit the hound.
The hound is heavily wounded.
The hound bites you but does no damage.
You closely miss the hound.
The hound is heavily wounded.
The hound closely misses you.
You whack the hound!
You kill the hound!
Cheibriados thoroughly appreciates the change of pace.
Found 4 large rocks.
You see here a hound corpse.
There is an entrance to Qiluh's Magic Scroll Emporium here.
x - 2 scrolls of magic mapping (gained 1)
B - a scroll of blinking Thank you for shopping at Qiluh's Magic Scroll Emporium!
You feel extremely strange.
You feel clumsy.
Welcome back, Dispacher the Gargoyle Fighter.
Cheibriados says: Take it easy.
Press ? for a list of commands and other information.
Unknown command.
Unknown command.
Are you sure you want to abandon this character and quit the game? (Confirm with "yes".)

#................##
###..............#
.##.............#
...............##
#....#.........##
.........#......#
.........#.....##
..............##
......##..@....#
.....##........#
..... #.#†....##
...## #...#..## ..
#.∩.#.## #.......#
#...#..## #...#####
...#.


There were no monsters in sight!

Vanquished Creatures
  Grinder (D:3)
  2 water moccasins
  2 orc warriors
  A black bear (D:5)
  An ogre (D:5)
  3 phantoms
  3 kobold brigands
  A bullfrog (D:7)
  A gnoll sergeant (D:6)
  A scorpion (D:6)
  A gnoll shaman (D:5)
  2 hounds
  2 jellies
  An orc priest (D:7)
  Crazy Yiuf (D:5)
  4 iguanas
  Natasha (thrice) (D:4)
  2 orc wizards
  12 gnolls
  9 adders
  5 river rats (Sewer)
  A shadow imp (D:7)
  A white imp (D:6)
  A worm (D:2)
  3 dart slugs (D:1)
  13 orcs
  10 endoplasms
  9 giant cockroaches
  3 hobgoblins
  13 jackals
  8 quokkas
  9 ball pythons
  7 bats
  5 frilled lizards
  2 goblins (D:4)
  16 kobolds
  21 rats
180 creatures vanquished.

Notes
Turn   | Place    | Note
-------+----------+-------------------------------------------
     0 | D:1      | Dispacher the Gargoyle Fighter began the quest for the Orb.
     0 | D:1      | Reached XP level 1. HP: 14/14 MP: 1/1
   146 | D:1      | Found a faded altar of an unknown god.
   181 | D:1      | Reached skill level 4 in Fighting
   181 | D:1      | Reached XP level 2. HP: 18/20 MP: 2/2
   830 | D:2      | Reached XP level 3. HP: 20/24 MP: 3/3
  1130 | D:2      | Found a sacrificial altar of Ru.
  1365 | D:2      | Reached skill level 5 in Fighting
  1477 | D:2      | Identified a scroll of acquirement
  1478 | D:2      | Acquired the +2 helmet of Ashenzari {Harm Int+3 Stlth+}
  1660 | D:3      | Reached XP level 4. HP: 31/31 MP: 4/4
  1690 | D:3      | Noticed a water moccasin
  1698 | D:3      | Killed a water moccasin
  1699 | D:3      | Reached XP level 5. HP: 31/35 MP: 5/5
  2118 | D:3      | Noticed Grinder
  2134 | D:3      | Killed Grinder
  2135 | D:3      | Reached XP level 6. HP: 40/40 MP: 6/6
  2216 | D:4      | Noticed Natasha
  2329 | D:4      | Killed Natasha
  2392 | D:3      | Reached XP level 7. HP: 10/44 MP: 7/7
  2865 | D:4      | Noticed Natasha
  2868 | D:4      | Killed Natasha
  3166 | D:4      | Noticed Natasha
  3180 | D:4      | Killed Natasha
  3572 | D:5      | Entered Level 5 of the Dungeon
  3743 | D:5      | Reached XP level 8. HP: 49/49 MP: 8/8
  3750 | D:5      | Found a staircase to the Ecumenical Temple.
  3840 | D:5      | Found a glowing drain.
  3873 | Sewer    | Entered a sewer
  3995 | Sewer    | Reached skill level 5 in Armour
  3995 | Sewer    | Reached skill level 5 in Shields
  4473 | D:5      | Found a runed translucent door.
  4474 | D:5      | Noticed Crazy Yiuf
  4548 | D:5      | Killed Crazy Yiuf
  4640 | D:5      | Reached skill level 6 in Fighting
  5085 | Temple   | Entered the Ecumenical Temple
  5160 | Temple   | Became a worshipper of Cheibriados the Contemplative
  5394 | D:6      | Reached skill level 7 in Fighting
  5870 | D:6      | Reached skill level 8 in Fighting
  5915 | D:6      | Reached XP level 9. HP: 19/60 MP: 9/9
  6151 | D:6      | Reached skill level 9 in Fighting
  6418 | D:7      | Reached * piety under Cheibriados
  6644 | D:7      | Reached skill level 10 in Fighting
  6659 | D:7      | Found Qiluh's Magic Scroll Emporium.
  6673 | D:7      | Bought a scroll of magic mapping for 45 gold pieces
  6673 | D:7      | Bought a scroll of blinking for 97 gold pieces
  6673 | D:7      | Gained mutation: You are clumsy. (Dex -2) [potion of
                  | mutation]
  6678 | D:7      | Quit the game

Illustrated notes

Levels and vault maps discovered:
D:1:      dpeg_arrival_leaves_temple_mockup, layout_basic,
          basic_ecumenical_altar
D:2:      layout_basic, basic_altar
D:3:      layout_basic, uniq_grinder
D:4:      layout_rooms, uniq_natasha
D:5:      layout_loops_ring, minmay_temple_entry_wispy, gup_sewer_entry_pipe,
          uniq_crazy_yiuf_cottage
D:6:      layout_rooms, minmay_misc_feat_plants
D:7:      layout_cave_pools, amcnicky_altar_gilded, serial_shops,
          nicolae_shop_stone
Temple:   grunt_wide_crystal_templ

Skill      XL: |  1  2  3  4  5  6  7  8  9 |
---------------+----------------------------+-----
Fighting       | 4 5 8 10 | 10.0
Maces & Flails | 4 6 |  6.9
Armour         | 4 5 |  5.3
Shields        | 4 5 |  5.2

Action                   |  1- 3 |  4- 6 |  7- 9 || total
-------------------------+-------+-------+-------++-------
Melee: Flail             |   151 |    66 |   242 ||   459
       Whip              |       |       |   144 ||   144
Evoke: Wand              |       |       |     2 ||     2
  Use: Scroll            |     7 |     6 |     1 ||    14
       Potion            |       |       |     2 ||     2
Armor: Scale mail        |   109 |    38 |   207 ||   354
Dodge: Dodged            |   102 |    29 |   127 ||   258
Block: Buckler           |    31 |    14 |    69 ||   114

Table legend: (Time is in decaauts)
 A = Elapsed time spent in this place.
 B = Non-inter-level travel time spent in this place.
 C = Inter-level travel time spent in this place.
 D = Time resting spent in this place.
 E = Time spent auto-exploring this place.
 F = Levels seen in this place.
 G = Mean time per level.
                   A        B        C        D        E       F      G
               +--------+--------+--------+--------+--------+-----+--------+
         Total |   6958 |   6804 |    154 |      0 |   4678 |   9 |  773.1 |
       Dungeon |   6303 |   6149 |    154 |      0 |   4316 |   7 |  900.4 |
        Temple |     81 |     81 |      0 |      0 |     37 |   1 |   81.0 |
         Sewer |    573 |    573 |      0 |      0 |    325 |   1 |  573.0 |
               +--------+--------+--------+--------+--------+-----+--------+

Top non-repeatable levels by time:
     D:5: 1463 daAuts
     D:3: 1100 daAuts
     D:6: 1066 daAuts
     D:4: 997 daAuts
     D:1: 792 daAuts
     D:2: 748 daAuts
   Sewer: 573 daAuts
     D:7: 133 daAuts
  Temple: 81 daAuts
